 Dungeon Crawl Stone Soup version 0.29.0-4-gdea44cf6ec (webtiles) character file.

Game seed: 7921725997296959252

16 qw the Chopper (level 2, 0/17 HPs)
             Began as a Tengu Warper on Aug 28, 2022.
             Succumbed to an adder's poison
             ... on level 2 of the Dungeon.
             The game lasted 00:00:04 (1003 turns).

qw the Chopper (Tengu Warper)                       Turns: 1003, Time: 00:00:04

Health: 0/17       AC:  5    Str: 11    XL:     2   Next: 54%
Magic:  6/6        EV: 10    Int: 13    God:
Gold:   34         SH:  0    Dex: 13    Spells: 5/5 levels left

rFire   . . .      SeeInvis .   g - +0 war axe
rCold   . . .      Faith    .   (no shield)
rNeg    . . .      Spirit   .   f - +0 ring mail
rPois   .          Reflect  .   (helmet restricted)
rElec   .          Harm     .   (no cloak)
rCorr   .          Rampage  .   (no gloves)
Will    .....                   (boots unavailable)
Stlth   +.........              (no amulet)
HPRegen 0.05/turn               (no ring)
MPRegen 0.10/turn               (no ring)

@: lethally poisoned (0 -> -5)
A: beak, talons 3
a: no special abilities


You were on level 2 of the Dungeon.
You visited 1 branch of the dungeon, and saw 2 of its levels.

You collected 34 gold pieces.


Innate Abilities, Weirdness & Mutations

You have a beak for a mouth.
You have claws for feet.


   Skills:
 - Level 2.0 Fighting
 + Level 3.4 Axes
 - Level 1.0 Throwing
 - Level 1.1 Armour
 - Level 2.1 Dodging
 - Level 2.0 Spellcasting
 - Level 2.4 Translocations


You had 5 spell levels left.
You didn't know any spells.
Your spell library contained the following spells:

 Spells                   Type           Power      Damage    Failure   Level
 Blink                    Tloc           14%        N/A       34%         2
 Gell's Gravitas          Tloc           7%         N/A       56%         3
 Lesser Beckoning         Tloc           7%         N/A       56%         3
 Teleport Other           Tloc           7%         N/A       56%         3
 Manifold Assault         Tloc           7%         N/A       99%         5

Inventory:

Hand Weapons
 e - a +0 whip
 g - a +0 war axe (weapon)
Missiles
 h - 6 boomerangs (quivered)
Armour
 f - a +0 ring mail (worn)
Potions
 a - a potion of haste {unknown}
 d - a potion of curing {unknown}
 i - a potion of heal wounds {unknown}
 j - a potion of attraction {unknown}

Dungeon Overview and Level Annotations

Branches:
Dungeon (2/15)

Altars:


Message History

The jackal bites you but does no damage.
The adder hisses angrily.
You slash the jackal!
You kill the jackal!
You closely miss the kobold. The kobold barely misses you.
You barely miss the kobold. You claw the kobold.
The kobold is severely wounded.
The kobold hits you but does no damage. The kobold barely misses you.
You hit the kobold but do no damage.
The kobold is severely wounded.
The kobold closely misses you. The adder barely misses you.
You closely miss the kobold.
The kobold is severely wounded.
You barely miss the adder. The adder bites you but does no damage.
The kobold hits you but does no damage.
You hit the kobold but do no damage. You peck the kobold.
You kill the kobold!
You hit the adder. The adder bites you but does no damage.
The adder barely misses you.
You completely miss the adder. You claw the adder.
The adder is heavily wounded.
The adder misses you. The adder barely misses you.
You closely miss the adder. Your kick misses the adder.
The adder is heavily wounded.
The adder bites you but does no damage. The adder barely misses you.
You closely miss the adder. Your kick misses the adder.
The adder is heavily wounded.
The adder barely misses you.
You closely miss the adder. Your kick misses the adder.
The adder is heavily wounded.
The adder bites you.
You are lethally poisoned!
The adder poisons you! The adder bites you.
You closely miss the adder. Your peck misses the adder.
The adder is heavily wounded.
You feel sick. The adder closely misses you. x2
You closely miss the adder. You claw the adder.
The adder is heavily wounded.
You die...

#.!....## #
#.........S .#
......(#.##.#.
............
####....#...#
...)....#...##
......%S)....#
#.....@)# #.#
....##.#.##....#
. #.#<.......
..#..#....#
.##.....##.. ..
..~~~..# ..
#^~~~~~.# ...
#.~~~~~.#
#.~~~~~.#


You could see an adder.

Vanquished Creatures
  3 giant cockroaches (D:1)
  A goblin (D:2)
  A hobgoblin (D:1)
  A jackal (D:2)
  A kobold (D:2)
  3 ball pythons (D:1)
  3 frilled lizards (D:1)
  2 rats (D:1)
15 creatures vanquished.

Notes
Turn   | Place    | Note
-------+----------+-------------------------------------------
     0 | D:1      | qw the Tengu Warper began the quest for the Orb.
     0 | D:1      | Reached XP level 1. HP: 12/12 MP: 4/4
     0 | D:1      | 0 ||| qw: Version: 0.1-a-89-g26bdef1
     0 | D:1      | 0 ||| qw: Game counter: 2432
     0 | D:1      | 0 ||| qw: Always use a shield: true
     0 | D:1      | 0 ||| qw: God list: Okawaru
     0 | D:1      | 0 ||| qw: Allow faded altars: false
     0 | D:1      | 0 ||| qw: Do Orc after D:15 true
     0 | D:1      | 0 ||| qw: Do second Lair branch before Depths: true
     0 | D:1      | 0 ||| qw: Lair rune preference: random
     0 | D:1      | 0 ||| qw: Plans: Normal
     0 | D:1      | 0 ||| PLANNING D:1-11
   207 | D:1      | 207 ||| SWAPPING to +0 war axe.
   211 | D:1      | 211 ||| DROPPING +0 hand axe.
   297 | D:1      | Reached XP level 2. HP: 10/17 MP: 6/6
   482 | D:1      | Reached skill level 3 in Axes
   596 | D:1      | Found a faded altar of an unknown god.
   970 | D:1      | 970 ||| UPGRADING to +0 ring mail.
   980 | D:1      | 980 ||| DROPPING +0 leather armour.
   981 | D:1      | 981 ||| DROPPING scroll of blinking.
   987 | D:2      | 987 ||| Stepping ~*~*~tactically~*~*~ (stealth).
  1001 | D:2      | HP: 4/17 [adder (1)]
  1003 | D:2      | Succumbed to an adder's poison

Levels and vault maps discovered:
D:1:      ncdulo_wetmaze, layout_loops_corners,
          chequers_ecumenical_altar_twisty, supply_closet_lemuel
D:2:      layout_basic, serial_shops, nicolae_lakefront_shop

Skill      XL: |  1  2 |
---------------+-------+-----
Axes           | 3 |  3.4
Fighting       | |  2.0
Throwing       | |  1.0
Armour         | |  1.1
Dodging        | |  2.1
Spellcasting   | |  2.0
Translocations | |  2.4

Action                   || total
-------------------------++-------
Melee: War axe           ||    32
       Hand axe          ||     4
       Kick              ||     8
       Peck              ||     2
Throw: Boomerang         ||    16
Armor: Leather armour    ||     4
       Ring mail         ||    10
Dodge: Dodged            ||    29

Table legend:
 A = Non-vault XP
 B = Vault XP
 C = Vault XP percentage of total XP
 D = Non-vault monster count
 E = Vault monster count
 F = Vault count percentage of total count
                 A         B        C        D         E       F
            +---------+---------+-------+---------+---------+-------
      Total |      23 |       0 |   0.0 |      15 |       0 |   0.0
            +---------+---------+-------+---------+---------+-------
        D:1 |      17 |       0 |   0.0 |      12 |       0 |   0.0
        D:2 |       6 |       0 |   0.0 |       3 |       0 |   0.0
            +---------+---------+-------+---------+---------+-------
